Map: Ascension to Aiur LE

Players

Beardie - Winner!

  • Race: Zerg Zerg
  • League: Diamond
  • Spawn Location: 11:00

A.I. 1 (Very Easy)

  • Race: Terran Terran
  • Spawn Location: 5:00

VOD

Have the link to the VOD?

Description

Time

  • Played on: Oct. 12, 2017, 12:03 p.m.
  • Length: 10:00
Show
View Real Time Build Order
Export as new Build Order

Beardie Zerg - Winner!

Build Orders: Hatch First 

Get SALT Encoding   

  12  0:02  Drone  
  13  0:13  Overlord  
  13  0:17  Drone  
  14  0:31  Drone x2  
  14  0:35  Drone  
  17  0:53  Hatchery  
  17  0:56  Drone  
  17  1:00  Drone  
  18  1:05  Extractor  
  17  1:15  Spawning Pool  
  16  1:19  Drone  
  16  1:22  Drone  
  18  1:28  Drone  
  19  1:39  Overlord  
  19  1:50  Drone  
  20  2:02  Queen  
  20  2:05  Zergling x2, Queen  
  20  2:06  Zergling x2  
  26  2:10  Metabolic Boost  
  26  2:17  Drone x2  
  26  2:22  Drone  
  29  2:28  Drone  
  30  2:40  Hatchery  
  29  2:53  Drone x2  
  29  2:54  Queen  
  29  2:57  Overlord  
  33  3:03  Queen  
  35  3:07  Drone  
  36  3:13  Overlord  
  36  3:35  Overlord  
  36  3:37  Drone x4  
  40  3:46  Drone x2  
  40  3:47  Drone x2  
  40  3:48  Overlord  
  44  3:52  Extractor  
  43  3:57  Evolution Chamber  
  43  3:59  Evolution Chamber  
  41  4:04  Drone x2  
  41  4:05  Drone x6  
  49  4:11  Drone  
  50  4:24  Zerg Melee Weapons Level 1  
  50  4:25  Zerg Ground Armor Level 1  
  50  4:35  Baneling Nest  
  49  4:40  Drone x4  
  49  4:41  Drone x6  
  59  4:53  Lair  
  59  4:57  Overlord  
  59  4:58  Drone  
  59  4:59  Drone x6  
  66  5:00  Overlord  
  66  5:04  Overlord  
  66  5:07  Extractor  
  66  5:08  Extractor  
  66  5:11  Drone x2  
  66  5:17  Drone x3  
  69  5:23  Drone x2  
  69  5:24  Drone x2  
  73  5:33  Drone  
  73  5:34  Extractor, Drone x3  
  76  5:40  Drone x2  
  78  5:44  Drone  
  78  5:46  Drone  
  78  5:47  Drone  
  81  5:52  Centrifical Hooks, Hydralisk Den  
  81  5:55  Overlord x2  
  80  6:07  Hatchery  
  80  6:08  Hatchery  
  78  6:15  Drone x5  
  83  6:18  Zerg Melee Weapons Level 2  
  83  6:19  Zerg Ground Armor Level 2  
  83  6:21  Muscular Augments  
  83  6:25  Queen  
  83  6:28  Hydralisk x2  
  83  6:29  Extractor  
  83  6:32  Zergling x20  
  98  6:50  Hydralisk x4  
  106  7:07  Overlord x4  
  106  7:08  Overlord x4  
  106  7:18  Queen  
  108  7:22  Hydralisk  
  108  7:23  Hydralisk x4  
  108  7:27  Hydralisk  
  108  7:28  Hydralisk x7  
  134  7:32  Zergling x4  
  136  7:38  Zergling x4  
  138  7:46  Zergling x2  
  138  7:47  Zergling x18  
  148  7:53  Baneling x14  
  148  7:54  Baneling x5  
  148  8:02  Hydralisk  
  148  8:03  Hydralisk x2  
  154  8:05  Overlord  
  154  8:06  Overlord  
  154  8:07  Zergling x12  
  154  8:10  Baneling  
  154  8:11  Baneling x4  
  160  8:14  Zergling x2  
  160  8:15  Zergling x8  
  165  8:20  Hydralisk x2  
  165  8:21  Hydralisk  
  165  8:23  Zergling x4  
  173  8:29  Overlord  
  173  8:30  Zergling x2  
  173  8:31  Zergling x10  
  179  8:34  Baneling  
  179  8:35  Baneling x6  
  179  8:45  Hydralisk x3  
  179  8:48  Hydralisk  
  185  8:50  Zergling x10  
  185  8:51  Zergling x2  
  185  8:55  Zergling x10  
  197  8:57  Zergling x2  
  197  8:58  Zergling x2  
  197  9:01  Baneling  
  197  9:02  Baneling x8  
  200  9:31  Infestation Pit  
Show
View Real Time Build Order
Export as new Build Order

A.I. 1 (Very Easy) Terran 

Build Orders:  

Get SALT Encoding   

  12  0:00  SCV  
  13  0:13  SCV  
  14  0:19  Supply Depot  
  14  0:37  Refinery  
  14  0:44  Barracks  
  14  1:05  Supply Depot  
  14  1:13  Refinery  
  14  1:30  Orbital Command  
  14  1:31  Marine  
  15  1:56  SCV  
  15  2:01  Marine  
  18  2:08  SCV  
  18  2:20  SCV  
  19  2:31  Marine  
  19  2:32  SCV  
  21  2:44  SCV  
  22  2:57  SCV  
  23  5:39  SCV, Marine  
  23  5:42  Supply Depot  
  25  5:43  Factory  
  25  5:44  Command Center  
  25  6:03  SCV  
  26  6:06  Supply Depot  
  26  6:13  Barracks Tech Lab  
  26  6:15  SCV  
  26  6:27  SCV  
  26  6:30  Starport  
  26  6:31  Marine  
  26  6:57  SCV  
  27  7:04  Refinery, Marine, SCV  
  27  7:07  Refinery  
  27  7:08  Starport Tech Lab  
  29  7:11  SCV  
  30  7:19  SCV  
  30  7:26  SCV, Raven  
  33  7:33  SCV  
  34  7:37  Marauder  
  34  7:40  SCV  
  37  7:47  SCV  
  38  7:55  SCV  
  39  8:02  SCV  
  40  8:09  Marine, Raven, SCV  
  44  8:16  SCV  
  45  8:23  SCV  
  46  8:30  SCV  
  47  8:38  SCV  
  48  8:45  SCV  
  49  8:52  SCV  
  50  9:31  Marine  
  44  9:38  SCV  
Tags
 
Add a new tag
Caveats
  • Supply blocks, unpowered buildings, or Contaminate may cause inaccurate times.
  • Supply counts are checked every 10 seconds.